 Dungeon Crawl Stone Soup version 0.31-a0-259-g771a54ca4b (webtiles) character file.

Game seed: 9773220983300842090

42 qw the Shooter (level 3, -3/21 HPs)
             Began as a Gargoyle Hexslinger on July 13, 2023.
             Killed from afar by Robin (10 damage)
             ... with a puff of flame
             ... on level 2 of the Dungeon.
             The game lasted 00:00:19 (1060 turns).

qw the Shooter (Gargoyle Hexslinger)                Turns: 1060, Time: 00:00:20

Health: -3/21      AC:  5    Str: 11    XL:     3   Next: 56%
Magic:  4/4        EV: 12    Int: 13    God:
Gold:   94         SH:  0    Dex: 14    Spells: 3/4 levels left

rFire   . . .        l - +2 sling (heavy)
rCold   . . .        (no shield)
rNeg    + . .        c - +0 robe
rPois   inf          (no helmet)
rElec   +            (no cloak)
rCorr   .            (no gloves)
SInv    .            (no boots)
Will    .....        (no amulet)
Stlth   +            (no ring)
HPRegen 0.23/turn    (no ring)
MPRegen 0.09/turn

%: no passive effects
@: no status effects
A: sickness immunity, AC +3, negative energy resistance 1, electricity
resistance, torment resistance 1, petrification resistance
a: no special abilities


You were on level 2 of the Dungeon.
You visited 1 branch of the dungeon, and saw 2 of its levels.

You collected 94 gold pieces.


Innate Abilities, Weirdness & Mutations

You are immune to sickness and miasma.
Your stone body is resilient. (AC +3)
You are immune to poison.
You resist negative energy. (rN+)
You are resistant to electric shocks. (rElec)
You are resistant to unholy torment.
You are immune to petrification.


   Skills:
 - Level 2.3 Fighting
 + Level 3.2 Ranged Weapons
 - Level 1.5 Dodging
 - Level 1.0 Spellcasting
 - Level 2.6 Hexes


You had 3 spell levels left.
You knew the following spells:

 Your Spells              Type           Power      Damage    Failure   Level
a - Slow                  Hex            28%        N/A       10%         1

Your spell library contained the following spells:

 Spells                   Type           Power      Damage    Failure   Level
 Inner Flame              Hex/Fire       4%         N/A       43%         3
 Portal Projectile        Hex/Tloc       8%         N/A       43%         3
 Cause Fear               Hex            3%         N/A       67%         4

Inventory:

Hand Weapons
 l - a +2 heavy sling (weapon)
Armour
 c - a +0 robe (worn)
Potions
 f - a potion of cancellation {unknown}
 h - a potion of curing {unknown}

Dungeon Overview and Level Annotations

Branches:
Dungeon (2/15)

Altars:

Annotations:
D:2 Robin


Message History

You shoot a sling bullet.
The sling bullet hits the dart slug but does no damage.
You shoot a sling bullet. The sling bullet hits the dart slug.
The dart slug is severely wounded.
The dart slug launches a dart at you.
The slug dart hits you but does no damage.
You shoot a sling bullet. The sling bullet hits the dart slug!
You kill the dart slug!
Robin, a hobgoblin and 2 goblins come into view.
Robin is wielding a +3 dagger of venom and carrying a wand of flame.
The hobgoblin shouts!
The goblin shouts!
You hear a shout!
Robin shouts!
You shoot a sling bullet. The goblin shouts!
The sling bullet hits the hobgoblin!
You kill the hobgoblin!
Robin roars a battlecry!
The goblins go into a battle-frenzy!
A quokka comes into view.
Robin throws the goblin at you!
You shoot a sling bullet. The sling bullet hits the goblin!
You kill the goblin!
The goblin barely misses you.
A goblin comes into view. It is wielding a +0 club.
1057 ||| Stepping ~*~*~tactically~*~*~ (outnumbered).
The goblin hits you with a +0 dagger. The quokka closely misses you.
You shoot a sling bullet.
The sling bullet barely misses the goblin.
The sling bullet hits the goblin.
You kill the goblin!
The quokka bites you. The goblin hits you with a +0 dagger.
The quokka closely misses you. The goblin misses you.
You shoot a sling bullet.
The sling bullet closely misses the goblin.
The quokka bites you. The goblin barely misses you.
Robin throws the goblin at you! The quokka closely misses you.
You shoot a sling bullet. The sling bullet hits the quokka!
You kill the quokka!
The goblin hits you but does no damage. The goblin closely misses you.
Robin zaps a wand.
The puff of flame hits you!
You die...

##........#
#........#
#........# g#
#........# .#
#........#######g#
######.........#.#
###...####.#%#
#.......##.#g#
#.#####..g@g)#.#
#.# ###..%)..# ###
###.##.# #.# # #.#
#.# #.. #.. #.#


You could see Robin and 2 goblins.

Vanquished Creatures
  An adder (D:2)
  3 dart slugs
  4 endoplasms (D:1)
  2 giant cockroaches (D:1)
  4 goblins
  2 hobgoblins (D:2)
  A quokka (D:2)
  3 ball pythons (D:1)
  3 frilled lizards (D:1)
  3 kobolds (D:1)
  A rat (D:1)
27 creatures vanquished.

Notes
Turn   | Place    | Note
-------+----------+-------------------------------------------
     0 | D:1      | qw the Gargoyle Hexslinger began the quest for the Orb.
     0 | D:1      | Reached XP level 1. HP: 12/12 MP: 2/2
     0 | D:1      | 0 ||| qw: Version: 0.3-a-52-g30416fa
     0 | D:1      | 0 ||| qw: Game counter: 6874
     0 | D:1      | 0 ||| qw: Melee chars always use a shield: true
     0 | D:1      | 0 ||| qw: God list: Okawaru
     0 | D:1      | 0 ||| qw: Allow faded altars: false
     0 | D:1      | 0 ||| qw: Do Orc after clearing Dungeon:15 true
     0 | D:1      | 0 ||| qw: Do second Lair branch before Depths: true
     0 | D:1      | 0 ||| qw: Lair rune preference: random
     0 | D:1      | 0 ||| qw: Goals: Normal
     0 | D:1      | 0 ||| PLANNING D:1-11
   256 | D:1      | Reached XP level 2. HP: 16/16 MP: 3/3
   346 | D:1      | Reached skill level 3 in Ranged Weapons
   655 | D:1      | Reached XP level 3. HP: 21/21 MP: 4/4
   904 | D:1      | 904 ||| READING scroll labelled MOJULE TEXTA.
   905 | D:1      | 905 ||| READING 2 scrolls labelled MYTIRR YFIZOCESOT.
   906 | D:1      | 906 ||| READING scroll labelled PUAHAN ZASASS.
   911 | D:1      | 911 ||| READING scroll labelled MANEUS GIQE.
   912 | D:1      | 912 ||| READING scroll labelled ILUCHI MIKHASH.
   913 | D:1      | 913 ||| READING scroll labelled XAOM WIHITIQI.
   914 | D:1      | 914 ||| DRINKING 2 green potions.
   960 | D:1      | 960 ||| DROPPING scroll of poison.
   961 | D:1      | 961 ||| DROPPING potion of lignification.
   962 | D:1      | 962 ||| DROPPING scroll of blinking.
  1054 | D:2      | Noticed Robin
  1057 | D:2      | 1057 ||| Stepping ~*~*~tactically~*~*~ (outnumbered).
  1060 | D:2      | Killed from afar by Robin

Levels and vault maps discovered:
D:1:      dpeg_arrival_signposts, layout_basic, serial_curves, eino_curves_02,
          eino_curves_03
D:2:      layout_basic, grunt_ministairs_12, uniq_robin

Skill      XL: |  1  2  3 |
---------------+----------+-----
Ranged Weapons | 3 |  3.2
Fighting       | 2 |  2.3
Dodging        | |  1.5
Spellcasting   | |  1.0
Hexes          | |  2.6

Action                     || total
---------------------------++-------
   Fire: Sling             ||    61
    Use: Scroll            ||     6
         Potion            ||     1
 Armour: Robe              ||     6
  Dodge: Dodged            ||    12

Table legend:
 A = Non-vault XP
 B = Vault XP
 C = Vault XP percentage of total XP
 D = Non-vault monster count
 E = Vault monster count
 F = Vault count percentage of total count
                 A         B        C        D         E       F
            +---------+---------+-------+---------+---------+-------
      Total |      57 |       6 |   9.5 |      24 |       3 |  11.1
            +---------+---------+-------+---------+---------+-------
        D:1 |      36 |       0 |   0.0 |      20 |       0 |   0.0
        D:2 |      21 |       6 |  22.2 |       4 |       3 |  42.9
            +---------+---------+-------+---------+---------+-------
